 Dungeon Crawl Stone Soup version 0.30-a0-996-ga6910c8ee8 (webtiles) character file.

Game seed: 6336150578139827673

41350 ytrimaz the Severer (level 14, -2/114 (116) HPs)
             Began as a Formicid Fighter on Apr 3, 2023.
             Was a High Priest of Okawaru.
             Slain by Snorg (6 damage)
             ... on level 1 of the Orcish Mines on Apr 4, 2023.
             The game lasted 00:26:09 (14908 turns).

ytrimaz the Severer (Formicid Fighter)             Turns: 14908, Time: 00:26:09

HP:   -2/114 (116)  AC: 21    Str: 31    XL:     14   Next: 49%
MP:   35/35         EV:  8    Int:  6    God:    Okawaru [*****.]
Gold: 773           SH: 11    Dex: 13    Spells: 13/13 levels left

rFire   + . .      SeeInvis +    a - +1 war axe (heavy)
rCold   . . .      Faith    .    c - +0 buckler
rNeg    . . .      Spirit   .    O - +2 plate armour {rF+}
rPois   .          Reflect  +    (helmet unavailable)
rElec   .          Rampage  .    (no cloak)
rCorr   .                        (no gloves)
Will    +....                    C - +2 pair of boots {Fly} Stlth
                                 F - amulet "Lidalyx" {Reflect Regen+ MP+9 Str+7 Int-4 SH+5}
HPRegen 1.19/turn                n - ring of magical power
MPRegen 0.24/turn                (no ring)

@: mighty, flying, studying Shields, lightly drained
A: permanent stasis, dig shafts and tunnels, antennae 3, four strong arms,
hooves 1, low MP 1
a: Dig, Shaft Self, Renounce Religion, Heroism, Finesse, Duel


You were on level 1 of the Orcish Mines.
You worshipped Okawaru.
Okawaru was extremely pleased with you.
You visited 4 branches of the dungeon, and saw 17 of its levels.
You also visited: Ossuary and Bailey.

You collected 2051 gold pieces.
You spent 1278 gold pieces at shops.


Innate Abilities, Weirdness & Mutations

You cannot be hasted, slowed, berserked, paralysed or teleported.
You can dig through walls and to a lower floor.
You have a pair of large antennae on your head. (SInv)
Your four strong arms can wield two-handed weapons with a shield.
You have large cloven feet.
Your magical capacity is low. (-10% MP)


   Skills:
 + Level 12.9 Fighting
 - Level 16.0 Axes
 + Level 12.7 Armour
 - Level 10.0 Shields
 - Level 7.0 Invocations


You had 13 spell levels left.
You didn't know any spells.
Your spell library contained the following spells:

 Spells                   Type           Power      Damage    Failure   Level
 Foxfire                  Conj/Fire      0%         2x1d4     98%         1
 Necrotise                Necr           0%         1d4       98%         1
 Cigotuvi's Dreadful Rot  Necr/Pois/Air  0%         N/A       99%         2
 Lesser Beckoning         Tloc           0%         N/A       99%         2
 Poisonous Vapours        Pois/Air       0%         N/A       99%         2
 Sublimation of Blood     Necr           0%         N/A       99%         2
 Dazzling Flash           Conj/Hex       0%         N/A       100%        3
 Gell's Gravitas          Tloc           0%         N/A       100%        3
 Kindle Blastsparks       Fire/Tloc/Air  0%         2d10      100%        3
 Mephitic Cloud           Conj/Pois/Air  0%         N/A       100%        3
 Teleport Other           Tloc           0%         N/A       100%        3
 Vampiric Draining        Necr           0%         2d6       100%        3
 Dispel Undead            Necr           0%         3d6       100%        4
 Fulminant Prism          Conj/Hex       0%         3d5       100%        4
 Iskenderun's Mystic Bla  Conj/Tloc      0%         2d3       100%        4
 Passage of Golubria      Tloc           0%         N/A       100%        4
 Petrify                  Tmut/Erth      0%         N/A       100%        4
 Agony                    Necr           0%         N/A       100%        5
 Blade Hands              Tmut           0%         N/A       100%        5
 Fireball                 Conj/Fire      0%         3d3       100%        5
 Irradiate                Conj/Tmut      0%         3d11      100%        5
 Lee's Rapid Deconstruct  Erth           0%         3d4*      100%        5
 Yara's Violent Unravell  Hex/Tmut       0%         3d3       100%        5
 Dispersal                Tloc           0%         N/A       100%        6
 Iron Shot                Conj/Erth      0%         9d1       100%        6
 Plasma Beam              Fire/Air       0%         2x1d11    100%        6
 Starburst                Conj/Fire      0%         6d3       100%        6
 Tukima's Dance           Hex            Unusable   N/A       N/A         3
 Animate Armour           Summ/Erth      Unusable   N/A       N/A         4
 Death Channel            Necr           Unusable   N/A       N/A         6

Inventory:

Hand Weapons
 a - a +1 heavy war axe (weapon)
 g - a +2 hand axe of electrocution
   (You took it off an orc on level 3 of the Dungeon)
 M - the +2 hand axe of Mana {heavy, rC+ Will++ MP+9 Stlth-}
   (You bought it in a shop on level 14 of the Dungeon)

   rC:        It protects you from cold.
   MP:        It affects your magic capacity (+9).
   Will:      It greatly increases your willpower.
   Stlth:     It makes you less stealthy.
 N - a +0 battleaxe
   (You took it off an orc warrior on level 1 of the Orcish Mines)
Missiles
 B - 2 throwing nets
Armour
 c - a +0 buckler (worn)
 r - the +0 robe of Midsummer {Regen+ Int+3 Stlth+}
   (Okawaru gifted it to you in a bailey)

   Int:       It affects your intelligence (+3).
   Regen:     It increases your rate of health regeneration.
   Stlth:     It makes you more stealthy.
 t - a +0 pair of boots
   (You found it on level 6 of the Dungeon)
 C - a +2 pair of boots of flying (worn)
   (You found it in a bailey)
 J - the +8 tower shield "Edijel" {Rampage rPois rC-}
   (Okawaru gifted it to you on level 2 of the Orcish Mines)

   rC:        It makes you vulnerable to cold.
   rPois:     It protects you from poison.
   Rampage:   It bestows one free step when moving towards enemies.
 O - a +2 plate armour of fire resistance (worn)
   (You took it off an orc warlord on level 2 of the Orcish Mines)
Jewellery
 e - a ring of fire
   (You found it on level 3 of the Dungeon)
 k - a ring of flight
   (You found it on level 3 of the Dungeon)
 n - a ring of magical power (left hand)
   (You found it on level 4 of the Dungeon)
 v - an amulet of regeneration
   (You found it on level 7 of the Dungeon)
 w - the ring of Makhleb's Pride {Fire rN++}
   (You took it off a kobold in a bailey)

   [ring of fire]

   It enhances your fire magic.
   rF:        It protects you from fire.
   rC:        It makes you vulnerable to cold.
   rN:        It greatly protects you from negative energy.
 A - the ring of the Burgomaster {*Corrode +Blink rElec rC+ SInv}
   (You took it off an orc warrior in a bailey)

   [ring of protection from cold]

   rC:        It protects you from cold.
   rElec:     It insulates you from electricity.
   SInv:      It lets you see invisible.
   +Blink:    It lets you blink.
   *Corrode:  It may corrode you when you take damage.
 F - the amulet "Lidalyx" (around neck) {Reflect Regen+ MP+9 Str+7 Int-4 SH+5}
   (You found it on level 11 of the Dungeon)

   [amulet of reflection]

   It reflects blocked missile attacks.
   Str:       It affects your strength (+7).
   Int:       It affects your intelligence (-4).
   MP:        It affects your magic capacity (+9).
   Regen:     It increases your rate of health regeneration.
   SH:        It affects your SH (+5).
Wands
 o - a wand of iceblast (24) (quivered)
   (You took it off Ijyb on level 5 of the Dungeon)
 s - a wand of paralysis (11)
   (You found it on level 7 of the Dungeon)
 x - a wand of flame (5)
   (You took it off an orc on level 8 of the Dungeon)
 I - a wand of polymorph (2)
   (You found it on level 12 of the Dungeon)
Scrolls
 b - 5 scrolls of enchant armour
 u - a scroll of enchant weapon
 y - a scroll of brand weapon
 H - a scroll of amnesia
 K - a scroll of fog
 L - a scroll of magic mapping
Potions
 d - a potion of might
 h - 11 potions of curing
 i - 10 potions of flight
 j - 4 potions of mutation
 l - 9 potions of attraction
 m - 3 potions of resistance
 p - a potion of magic
 z - 2 potions of brilliance
 D - a potion of ambrosia
 E - 3 potions of lignification

Dungeon Overview and Level Annotations

Branches:
Dungeon (14/15) Zot: 26169  Temple (1/1) D:4 Zot: 5981     Orc (2/2) D:10 Zot: 9814
    Elf (1/3) Orc:2 Zot: 5998 Ossuary (visited)          Bailey (visited)
   Lair: D:8-11      Vaults: D:13-14

Altars:
Ashenzari
Cheibriados
Dithmenos
Fedhas
Kikubaaqudgha
Makhleb
Nemelex Xobeh
Okawaru
Qazlal
Trog
Uskayaw
Vehumet
Wu Jian
Xom
Yredelemnul
Zin
The Shining One

Shops:
D:2 !   D:10 *   D:11 *   D:14 (   Orc:2 ?*!(

Annotations:
D:5 1 runed translucent door, Crazy Yiuf
Orc:1 Snorg

####### ## #
.....#.##.###.#
....$.$T.......
...............
##............
#$...T........
#....@)......
#.............
............$..
.....$.........
.#$........#...
#......##... ..
##...## .... .
##.. ..$..


You could see Snorg (berserk) and a troll (fleeing).


Message History

😕 HP[-19]
You take 19 damage, and now have 95/114 hp.
Unknown command.
You chop Snorg into pieces!!! You block Snorg's attack.
Snorg claws you but does no damage. Snorg claws you.
You block Snorg's attack. x2
Snorg claws you. 😕 HP[-3]
You take 3 damage, and now have 92/114 hp.
You slash Snorg! You block Snorg's attack. Snorg closely misses you.
Snorg barely misses you. 😕 HP[+2]
You regained 2 hp, and now have 94/114 hp.
Unknown command.
You closely miss Snorg. Snorg bites you! You block Snorg's attack.
Snorg claws you! Snorg bites you! Snorg closely misses you. Snorg claws you!
* * * LOW HITPOINT WARNING * * *
😨 HP[-46]
You take 46 damage, and now have 48/114 hp.
MASSIVE DAMAGE!! (PAUSE)
You barely miss Snorg. You closely miss the troll. Snorg bites you!
* * * LOW HITPOINT WARNING * * *
Snorg claws you.
* * * LOW HITPOINT WARNING * * *
You block Snorg's attack. The troll bites you.
* * * LOW HITPOINT WARNING * * *
You block the troll's attack. The troll barely misses you. Snorg bites you!
* * * LOW HITPOINT WARNING * * *
Snorg claws you but does no damage. Snorg claws you!
* * * LOW HITPOINT WARNING * * *
😱 HP[-36]
You take 36 damage, and now have 12/114 hp.
MASSIVE DAMAGE!! (PAUSE) Unknown command.
You barely miss Snorg. You slice the troll!!
The troll bites you but does no damage.
The troll claws you but does no damage. x2
You block Snorg's attack. Snorg claws you!
* * * LOW HITPOINT WARNING * * *
You block Snorg's attack. The troll barely misses you. x2
The troll claws you.
* * * LOW HITPOINT WARNING * * *
😱 HP[-10]
You take 10 damage, and now have 2/114 hp.
Unknown command.
Unknown command.
Okay, then.
You feel much better.
You block Snorg's attack. x2; Snorg claws you.
* * * LOW HITPOINT WARNING * * *
You block Snorg's attack. Snorg closely misses you.
Snorg claws you but does no damage. The troll closely misses you.
The troll claws you but does no damage. The troll claws you.
* * * LOW HITPOINT WARNING * * *
😱 HP[+18]
You regained 18 hp, and now have 20/114 hp.
Unknown command.
You closely miss Snorg. You hit the troll. Snorg bites you but does no damage.
Snorg barely misses you. Snorg closely misses you. Snorg bites you!
* * * LOW HITPOINT WARNING * * *
Snorg barely misses you. You block Snorg's attack.
You block the troll's attack.
The troll claws you but does no damage. x2 😱 HP[-11]
You take 11 damage, and now have 9/114 hp.
Unknown command.
You feel much better. You block Snorg's attack. x2
Snorg claws you but does no damage. You block the troll's attack.
The troll claws you but does no damage. x2 😨 HP[+26]
You regained 26 hp, and now have 35/114 hp.
As you read the scroll of fear, it crumbles to dust.
You assume a fearsome visage.
Snorg is unaffected.
The troll looks frightened!
Snorg bites you!
* * * LOW HITPOINT WARNING * * *
You block Snorg's attack. Snorg completely misses you. Snorg bites you!
* * * LOW HITPOINT WARNING * * *
Snorg closely misses you.
Snorg claws you but does no damage. 😱 HP[-17]
You take 17 damage, and now have 18/114 hp.
Unknown command.
You feel much better. Snorg barely misses you. x3
The troll cowers, then darts away. 😨 HP[+26]
You regained 26 hp, and now have 44/114 hp.
You feel very mighty all of a sudden. Snorg bites you!!
* * * LOW HITPOINT WARNING * * *
You block Snorg's attack. Snorg closely misses you. Snorg bites you!
* * * LOW HITPOINT WARNING * * *
Snorg claws you!
* * * LOW HITPOINT WARNING * * *
Snorg claws you.
* * * LOW HITPOINT WARNING * * *
😱 HP[-41]
You take 41 damage, and now have 3/114 hp.
MASSIVE DAMAGE!! (PAUSE) Unknown command.
Unknown command.
Okay, then.
Unknown command.
You closely miss Snorg. Snorg bites you but does no damage.
You block Snorg's attack. Snorg claws you.
You die...

Skill      XL: |  1  2  3  4  5  6  7  8  9 10 11 12 13 14 |
---------------+-------------------------------------------+-----
Axes           | 3 4 5 6 8 11 12 15 16 | 16.0
Shields        | 5 6 7 8 10 | 10.0
Invocations    | 7 |  7.0
Fighting       | 8 11 12 | 12.9
Armour         | 7 11 12 | 12.7

Action                     |  1- 3 |  4- 6 |  7- 9 | 10-12 | 13-15 || total
---------------------------+-------+-------+-------+-------+-------++-------
  Melee: War axe           |    87 |   114 |   220 |   385 |   261 ||  1067
         Kick              |       |    17 |    38 |       |       ||    55
         Hand axe          |       |       |       |    17 |       ||    17
         Battleaxe         |       |       |       |     9 |    31 ||    40
 Invoke: Heroism           |       |       |     2 |    11 |     3 ||    16
         Finesse           |       |       |       |     2 |     4 ||     6
         Duel              |       |       |       |       |     1 ||     1
Ability: Dig               |       |       |       |       |     2 ||     2
  Evoke: Wand              |       |       |       |     9 |     7 ||    16
    Use: Scroll            |     9 |     5 |     7 |     5 |     5 ||    31
         Potion            |       |     2 |       |     7 |    12 ||    21
 Armour: Scale mail        |    41 |    81 |    21 |       |       ||   143
         Plate armour      |       |       |   164 |   266 |   133 ||   563
         Skin              |       |       |       |     4 |       ||     4
  Dodge: Dodged            |    37 |    74 |    94 |   142 |   107 ||   454
  Block: Buckler           |    23 |    51 |    85 |   216 |   206 ||   581
         Reflection        |       |       |       |     4 |    11 ||    15

Levels and vault maps discovered:
D:1:      beargit_arrival_diablo_church, layout_basic, serial_bayou_ford_a
D:2:      layout_basic, serial_shops, shop
D:3:      layout_loops_corners, xom_confusion_cloud
D:4:      layout_basic, grunt_dithmenos_smoke, trog_wizard,
          lemuel_coloured_pillars_altar, temple_hall, lightli_sewer_entry_pipes,
          enter_ossuary_5
D:5:      layout_loops_corners, zin_academy, jmf_multi_god_temple, uniq_edmund,
          uniq_ijyb, uniq_eustachio, uniq_crazy_yiuf_cottage, uniq_menkaure
D:6:      minmay_evil_eye, layout_cave_pools
D:7:      layout_cave_pools, mainiacjoe_overflow_surrounded_room,
          nicolae_ashenzari_skybound, serial_bayou_pond_c
D:8:      layout_basic, kennysheep_ying_yang
D:10:     layout_basic, vehumet_altar_wand_db, serial_shops, shop,
          enter_bailey_2, nicolae_figureground_pulse
D:11:     layout_basic, serial_shops, shop, grunt_decor_fettered
D:12:     layout_basic
D:13:     layout_roguey, minivault_12
D:14:     layout_roguey, david_vaults_4, hex_tiny, serial_shops, shop
Temple:   nicolae_temple_two_arcs
Orc:1:    hellmonk_paralyzer, layout_caves, uniq_snorg, uniq_urug
Orc:2:    st_orc_open, layout_caves, uniq_rupert, uniq_azrael
Elf:1:    elf_arrival_002, layout_geoelf_diagonals, basic_altar,
          kennysheep_underground_church, nicolae_shop_sticking_my_neck_out,
          grunt_megastairs_2

Notes
Turn   | Place    | Note
-------+----------+-------------------------------------------
     0 | D:1      | ytrimaz the Formicid Fighter began the quest for the Orb.
     0 | D:1      | Reached XP level 1. HP: 18/18 MP: 1/1
     0 | D:1      | magus.rc [v1.9.6]
    81 | D:1      | Reached XP level 2. HP: 19/24 MP: 2/2
   119 | D:1      | You pick up a book of Vapours and begin reading...
   119 | D:1      | You add the spells Poisonous Vapours, Cigotuvi's Dreadful
                  | Rot and Mephitic Cloud to your library.
   181 | D:1      | You add the spells Gell's Gravitas, Teleport Other and
                  | Dispersal to your library.
   334 | D:1      | Reached XP level 3. HP: 16/29 MP: 3/3
   645 | D:1      | You pick up a book of Displacement and begin reading...
   726 | D:2      | Reached skill level 3 in Axes
   726 | D:2      | Reached skill level 5 in Shields
   821 | D:2      | Found Uwitiome's Distillery.
   855 | D:2      | Bought a potion of curing for 30 gold pieces
   855 | D:2      | Bought a potion of might for 40 gold pieces
   893 | D:2      | Reached XP level 4. HP: 32/35 MP: 4/4
  1038 | D:2      | Gained mutation: You have hidden genetic defects. [potion
                  | of mutation]
  1038 | D:2      | Gained mutation: You are frail. (-10% HP) [potion of
                  | mutation]
  1038 | D:2      | Lost mutation: You have hidden genetic defects. [potion of
                  | mutation]
  1045 | D:2      | Lost mutation: You are frail. (-10% HP) [potion of
                  | mutation]
  1045 | D:2      | Gained mutation: Your magical capacity is low. (-10% MP)
                  | [potion of mutation]
  1045 | D:2      | Gained mutation: You have large cloven feet. [potion of
                  | mutation]
  1413 | D:3      | Noticed a phantom
  1424 | D:3      | Killed a phantom
  1425 | D:3      | Reached skill level 4 in Axes
  1425 | D:3      | Reached skill level 6 in Shields
  1425 | D:3      | Reached XP level 5. HP: 40/41 MP: 4/4
  1748 | D:3      | You pick up a book of Iron and begin reading...
  1748 | D:3      | You add the spells Animate Armour, Blade Hands and Iron
                  | Shot to your library.
  1919 | D:3      | Found a shimmering altar of Xom.
  1960 | D:3      | Reached XP level 6. HP: 47/47 MP: 5/5
  2311 | D:4      | Found a bloodstained altar of Trog.
  2329 | D:4      | Found a staircase to the Ecumenical Temple.
  2338 | Temple   | Entered the Ecumenical Temple
  2348 | Temple   | Became a worshipper of Warmaster Okawaru
  2501 | D:4      | Found a sand-covered staircase.
  2505 | Ossuary  | Entered an ossuary
  2545 | Ossuary  | Reached skill level 7 in Shields
  2670 | Ossuary  | Reached skill level 5 in Axes
  2672 | Ossuary  | Reached * piety under Okawaru
  2673 | Ossuary  | Reached XP level 7. HP: 51/52 MP: 6/6
  3178 | D:4      | Found a shadowy altar of Dithmenos.
  3212 | D:4      | You pick up a book of Blasting and begin reading...
  3212 | D:4      | You add the spells Kindle Blastsparks, Fulminant Prism,
                  | Iskenderun's Mystic Blast and Lee's Rapid Deconstruction to
                  | your library.
  3380 | D:4      | Found a sparkling altar of Nemelex Xobeh.
  3611 | D:4      | Noticed a wizard
  3616 | D:4      | Killed a wizard
  3900 | D:5      | Entered Level 5 of the Dungeon
  3909 | D:5      | Noticed Eustachio
  3919 | D:5      | Killed Eustachio
  3920 | D:5      | Reached skill level 6 in Axes
  3920 | D:5      | Reached skill level 8 in Shields
  4098 | D:5      | Found a hide-covered altar of Uskayaw.
  4107 | D:5      | Reached XP level 8. HP: 47/58 MP: 7/7
  4107 | D:5      | Found an ancient bone altar of Kikubaaqudgha.
  4196 | D:5      | Noticed Ijyb
  4202 | D:5      | Killed Ijyb
  4276 | D:5      | Found a glowing silver altar of Zin.
  4310 | D:5      | Reached ** piety under Okawaru
  4311 | D:5      | Reached skill level 9 in Shields
  4319 | D:5      | Noticed Menkaure
  4432 | D:5      | You add the spells Passage of Golubria and Yara's Violent
                  | Unravelling to your library.
  4513 | D:5      | Killed Menkaure
  4557 | D:5      | Noticed Edmund
  4572 | D:5      | Killed Edmund
  4573 | D:5      | Reached skill level 7 in Axes
  4717 | D:5      | Reached skill level 10 in Shields
  4788 | D:5      | Identified the +0 leather armour "Axkakeuwn" {Harm Will+++
                  | Regen+ Str-3}
  4857 | D:5      | Identified the +0 hammer of Inference {freeze, *Noise
                  | Dex+3}
  4859 | D:5      | Found a runed translucent door.
  4860 | D:5      | Noticed Crazy Yiuf
  4899 | D:5      | You pick up a book of Spectacle and begin reading...
  4899 | D:5      | You add the spells Dazzling Flash and Starburst to your
                  | library.
  5074 | D:5      | Reached skill level 8 in Axes
  5074 | D:5      | Reached XP level 9. HP: 54/61 MP: 8/8
  5350 | D:6      | Reached *** piety under Okawaru
  5357 | D:6      | HP: 13/62 [wight/+0 spear (3)]
  5361 | D:6      | Reached skill level 9 in Axes
  5547 | D:6      | You pick up a book of Necromancy and begin reading...
  5547 | D:6      | You add the spells Necrotise, Vampiric Draining and Agony
                  | to your library.
  5701 | D:6      | HP: 13/57 [wight/+3 hand axe (4)]
  5904 | D:6      | Reached skill level 10 in Axes
  6168 | D:6      | You pick up a book of Alchemy and begin reading...
  6168 | D:6      | You add the spells Sublimation of Blood, Petrify and
                  | Irradiate to your library.
  6211 | D:6      | Reached **** piety under Okawaru
  6327 | D:6      | Reached skill level 11 in Axes
  6331 | D:6      | Reached XP level 10. HP: 29/70 MP: 9/9
  6622 | D:7      | Reached skill level 1 in Invocations
  6635 | D:7      | Reached skill level 2 in Invocations
  6747 | D:7      | Reached skill level 3 in Invocations
  6793 | D:7      | HP: 15/70 [hornet (10)]
  6797 | D:6      | HP: 7/105 [hornet (10)]
  6801 | D:6      | Reached skill level 4 in Invocations
  7394 | D:7      | Found an ornate altar of the Wu Jian Council.
  7623 | D:7      | Found a broken altar of Ashenzari.
  7690 | D:8      | Reached skill level 5 in Invocations
  7695 | D:8      | Reached skill level 12 in Axes
  7821 | D:8      | HP: 14/70 [poisoned by a hornet]
  8039 | D:8      | Found a basalt altar of Yredelemnul.
  8147 | D:8      | You fall into a shaft and drop 2 floors!
  8147 | D:10     | Entered Level 10 of the Dungeon
  8205 | D:10     | Reached ***** piety under Okawaru
  8206 | D:10     | Reached skill level 6 in Invocations
  8273 | D:10     | Found a radiant altar of Vehumet.
  8311 | D:10     | Found Fuke's General Store.
  8378 | D:10     | HP: 17/70 [yak (12)]
  8384 | D:10     | HP: 9/70 [yak (4)]
  8385 | D:10     | Reached skill level 7 in Invocations
  8388 | D:10     | Reached XP level 11. HP: 29/75 MP: 14/14
  8389 | D:10     | Reached skill level 13 in Axes
  8418 | D:10     | Noticed a two-headed ogre
  8421 | D:10     | HP: 15/75 [two-headed ogre/+0 giant spiked club (17)]
  8422 | D:10     | HP: 5/75 [two-headed ogre/+0 giant spiked club (11)]
  8423 | D:10     | HP: 2/75 [two-headed ogre/+0 giant spiked club (16)]
  8448 | D:10     | Killed a two-headed ogre
  8676 | D:10     | Found a flagged portal.
  8683 | D:10     | Found a staircase to the Orcish Mines.
  8698 | Bailey   | Entered a bailey
  8709 | Bailey   | Upgraded the game from 0.30-a0-989-g0d87f670db to
                  | 0.30-a0-996-ga6910c8ee8
  8709 | Bailey   | magus.rc [v1.9.6]
  8709 | Bailey   | magus.rc [v1.9.6]
  8764 | Bailey   | Identified the +0 robe of Midsummer {Regen+ Int+3 Stlth+}
                  | (Okawaru gifted it to you in a bailey)
  8764 | Bailey   | Received a gift from Okawaru
  8765 | Bailey   | Reached skill level 14 in Axes
  8804 | Bailey   | Identified the ring of the Burgomaster {*Corrode +Blink
                  | rElec rC+ SInv}
  8806 | Bailey   | Identified the ring of Makhleb's Pride {Fire rN++}
  9269 | D:10     | Bought a potion of heal wounds for 50 gold pieces
  9269 | D:10     | Bought a potion of heal wounds for 50 gold pieces
  9269 | D:10     | Bought a potion of berserk rage for 50 gold pieces
  9342 | D:11     | Noticed a wizard
  9354 | D:11     | Killed a wizard
  9361 | D:11     | Reached skill level 15 in Axes
  9361 | D:11     | Noticed a manticore
  9372 | D:11     | Killed a manticore
  9447 | D:11     | Identified the amulet "Lidalyx" {Reflect Regen+ MP+9 Str+7
                  | Int-4 SH+5}
 10008 | D:11     | Found Pionuqod's Assorted Antiques.
 10011 | D:11     | Bought a potion of lignification for 57 gold pieces
 10011 | D:11     | Bought 2 potions of curing for 114 gold pieces
 10011 | D:11     | Bought a potion of heal wounds for 95 gold pieces
 10101 | D:12     | You pick up a book of Fire and begin reading...
 10101 | D:12     | You add the spells Foxfire, Fireball and Plasma Beam to
                  | your library.
 10337 | D:12     | Noticed a cyclops
 10344 | D:12     | Killed a cyclops
 10345 | D:12     | Reached XP level 12. HP: 81/81 MP: 15/15
 10470 | D:12     | Noticed a two-headed ogre
 10475 | D:12     | Killed a two-headed ogre
 10476 | D:12     | Reached skill level 16 in Axes
 10476 | D:12     | Reached skill level 4 in Fighting
 10669 | D:12     | You pick up a book of Decay and begin reading...
 11061 | D:12     | Reached skill level 4 in Armour
 11248 | D:13     | Noticed a centaur warrior
 11253 | D:13     | Killed a centaur warrior
 11254 | D:13     | Reached skill level 5 in Fighting
 11342 | D:13     | Noticed a boulder beetle
 11343 | D:13     | Noticed a centaur warrior
 11353 | D:13     | Noticed a boulder beetle
 11353 | D:13     | Noticed a white very ugly thing
 11428 | D:13     | Noticed a centaur warrior
 11439 | D:13     | Killed a centaur warrior
 11440 | D:13     | Reached skill level 5 in Armour
 11511 | D:13     | Reached skill level 6 in Fighting
 11684 | D:13     | Noticed a catoblepas
 11695 | D:13     | Killed a catoblepas
 11857 | D:13     | Reached skill level 6 in Armour
 12009 | D:14     | Reached skill level 7 in Fighting
 12069 | D:14     | Noticed a centaur warrior
 12077 | D:14     | Killed a centaur warrior
 12199 | D:14     | Found Ewasoel's Antique Weapon Shop.
 12210 | D:14     | Identified the +10 sling of True Grit {antimagic, rPois
                  | Will- Int+8 SInv}
 12331 | D:14     | Bought a polished hand axe for 248 gold pieces
 12331 | D:14     | Identified the +2 hand axe of Mana {heavy, rC+ Will++ MP+9
                  | Stlth-} (You bought it in a shop on level 14 of the
                  | Dungeon)
 12446 | D:14     | Noticed a boulder beetle
 12473 | D:14     | Killed a boulder beetle
 12474 | D:14     | Reached skill level 7 in Armour
 12549 | D:14     | Noticed a two-headed ogre
 12549 | D:14     | Noticed an iron troll
 12549 | D:14     | Noticed an ice dragon
 12561 | D:14     | HP: 17/91 [ice dragon/blast of cold (25)]
 12712 | Orc:1    | Entered Level 1 of the Orcish Mines
 12749 | Orc:1    | Reached skill level 8 in Fighting
 12759 | Orc:1    | Noticed Urug
 12772 | Orc:1    | Killed Urug
 12772 | Orc:1    | Identified the +1 ring mail of Cowardice {rPois rF- rC+}
                  | (Okawaru gifted it to you on level 1 of the Orcish Mines)
 12772 | Orc:1    | Received a gift from Okawaru
 12773 | Orc:1    | Reached XP level 13. HP: 66/98 MP: 16/16
 12852 | Orc:1    | Noticed an ogre mage
 12860 | Orc:1    | Killed an ogre mage
 12861 | Orc:1    | Reached skill level 8 in Armour
 12861 | Orc:1    | Noticed an ogre mage
 12864 | Orc:1    | Noticed an ogre mage
 12866 | Orc:1    | HP: 15/97 [ogre mage/bolt of magma (28)]
 12867 | Orc:1    | Killed an ogre mage
 12876 | Orc:1    | Killed an ogre mage
 12877 | Orc:1    | Reached skill level 9 in Fighting
 12896 | Orc:1    | HP: 17/101 [hellwing[an orc sorcerer] (12)]
 12897 | Orc:1    | HP: 5/101 [hornet (13)]
 12901 | Orc:1    | Reached skill level 9 in Armour
 13078 | Orc:2    | Entered Level 2 of the Orcish Mines
 13078 | Orc:2    | Noticed Rupert
 13087 | Arena    | Entered the Arena
 13108 | Orc:1    | Killed Rupert
 13109 | Orc:1    | Reached skill level 10 in Fighting
 13298 | Orc:1    | Reached skill level 10 in Armour
 13352 | Orc:2    | Noticed Azrael
 13363 | Orc:2    | HP: 18/104 [Azrael/+0 scimitar of flaming (14)]
 13369 | Orc:2    | Killed Azrael
 13378 | Orc:2    | Noticed an orc warlord
 13493 | Orc:1    | HP: 17/104 [orc warrior/+0 mace[an orc warlord] (16)]
 13541 | Orc:1    | HP: 26/104 [orc knight/+0 great sword (10)]
 13620 | Orc:1    | Identified a scroll of acquirement
 13622 | Orc:1    | Acquired a manual of Shields
 13646 | Orc:2    | Noticed an ogre mage
 13646 | Orc:2    | Found Bucav's General Store.
 13646 | Orc:2    | Found Vuman's Magic Scroll Boutique.
 13672 | Orc:2    | Reached skill level 11 in Fighting
 13675 | Orc:2    | Identified the +8 tower shield "Edijel" {Rampage rPois rC-}
                  | (Okawaru gifted it to you on level 2 of the Orcish Mines)
 13675 | Orc:2    | Received a gift from Okawaru
 13687 | Orc:2    | Killed an ogre mage
 13688 | Orc:2    | Reached skill level 11 in Armour
 13694 | Orc:2    | Reached XP level 14. HP: 57/113 MP: 17/17
 13715 | Orc:2    | HP: 27/114 [cyclops (12)]
 13726 | Orc:2    | Reached skill level 12 in Fighting
 13728 | Orc:2    | HP: 24/115 [troll (8)]
 13746 | Orc:2    | HP: 27/109 [ogre/+0 giant club (12)]
 13756 | Orc:2    | HP: 20/109 [ogre/+0 giant club (11)]
 13760 | Orc:2    | HP: 1/109 [ogre/+0 giant club (20)]
 13783 | Orc:2    | Reached skill level 12 in Armour
 13872 | Orc:2    | Found Jooxzoa's Antique Weapon Boutique.
 13877 | Orc:2    | Found Jyuleap's Distillery.
 14109 | Orc:2    | Bought a potion of heal wounds for 85 gold pieces
 14109 | Orc:2    | Bought a potion of mutation for 136 gold pieces
 14109 | Orc:2    | Bought a potion of heal wounds for 85 gold pieces
 14109 | Orc:2    | Bought a potion of heal wounds for 85 gold pieces
 14109 | Orc:2    | Bought a potion of lignification for 51 gold pieces
 14109 | Orc:2    | Bought a potion of curing for 51 gold pieces
 14109 | Orc:2    | Bought a potion of curing for 51 gold pieces
 14214 | Orc:2    | Killed an orc warlord
 14351 | Orc:2    | Found a staircase to the Elven Halls.
 14735 | Elf:1    | Entered Level 1 of the Elven Halls
 14893 | Orc:1    | Noticed Snorg
 14900 | Orc:1    | HP: 25/114 [Snorg (12)]
 14900 | Orc:1    | HP: 12/114 [Snorg (13)]
 14901 | Orc:1    | HP: 4/114 [Snorg (9)]
 14907 | Orc:1    | HP: 26/114 [Snorg (19)]
 14907 | Orc:1    | HP: 5/114 [Snorg (8)]
 14908 | Orc:1    | Slain by Snorg

Vanquished Creatures
  Rupert (Orc:1)
  An orc warlord (Orc:2)
  Azrael (Orc:2)
  An ettin (Orc:2)
  5 ogre magi
  A catoblepas (D:13)
  A boulder beetle (D:14)
  3 centaur warriors
  10 two-headed ogres
  Urug (Orc:1)
  A wizard (D:11)
  2 deep trolls (Orc:2)
  3 orc knights (Orc:1)
  4 orc sorcerers (Orc:1)
  5 cyclopes
  3 manticores
  A gargoyle (D:12)
  A tengu conjurer (D:12)
  9 trolls
  5 hornets
  A vampire (D:14)
  4 shadows
  5 wraiths
  A wyvern (D:10)
  Eustachio (D:5)
  5 fire elementals
  A hog (shapeshifter) (D:13)
  A basilisk (D:12)
  6 yaks (D:10)
  Menkaure (D:5)
  Edmund (D:5)
  A warg (Orc:1)
  2 acid dragons (D:11)
  2 water moccasins
  A floating eye (Orc:1)
  3 hell hounds (Orc:1)
  31 orc warriors
  2 ice beasts
  2 black bears
  22 ogres
  13 centaurs
  2 phantoms
  A kobold brigand (D:10)
  2 bullfrogs (D:6)
  3 scorpions
  23 wights
  8 killer bees
  6 howler monkeys
  3 centaur zombies (Ossuary)
  2 hounds
  2 jellies
  10 orc priests
  A human zombie (Ossuary)
  Ijyb (D:5)
  4 iguanas
  12 orc wizards
  A gnoll bouda (Orc:1)
  3 sleepcaps
  3 mummies (Ossuary)
  A hound zombie (Ossuary)
  6 gnolls
  16 adders
  A shadow imp (D:7)
  2 white imps (D:7)
  2 ufetubi
  6 adder zombies (Ossuary)
  6 worms
  5 dart slugs
  53 orcs
  10 endoplasms
  A giant cockroach (D:1)
  2 gnoll zombies (Ossuary)
  8 goblins
  15 hobgoblins
  26 kobolds
  3 quokkas
  7 ball pythons
  11 bats
  3 frilled lizards
  2 goblin zombies (Ossuary)
  2 hobgoblin zombies (Ossuary)
  2 jackal zombies (Ossuary)
  5 kobold zombies (Ossuary)
  5 orc zombies (Ossuary)
  2 quokka zombies (Ossuary)
  5 rats
  3 rat zombies (Ossuary)
462 creatures vanquished.

Vanquished Creatures (others)
  A wizard (D:4)
  A hornet (Orc:1)
  A basilisk (D:13)
  A floating eye (Orc:1)
  A wight (D:6)
  An orc wizard (Orc:1)
  An adder (D:3)
  A ball python (D:3)
  A goblin (D:3)
  A frilled lizard (D:3)
  16 plants
26 creatures vanquished.

Grand Total: 488 creatures vanquished

Table legend:
 A = Non-vault XP
 B = Vault XP
 C = Vault XP percentage of total XP
 D = Non-vault monster count
 E = Vault monster count
 F = Vault count percentage of total count
                 A         B        C        D         E       F
            +---------+---------+-------+---------+---------+-------
      Total |   30898 |   28174 |  47.7 |     314 |     152 |  32.6
            +---------+---------+-------+---------+---------+-------
        D:1 |      47 |       0 |   0.0 |      27 |       0 |   0.0
        D:2 |      59 |       0 |   0.0 |      19 |       0 |   0.0
        D:3 |     176 |       6 |   3.3 |      20 |       5 |  20.0
        D:4 |      51 |      91 |  64.1 |      18 |      10 |  35.7
        D:5 |     519 |     750 |  59.1 |      11 |       6 |  35.3
        D:6 |    1797 |     434 |  19.5 |      28 |       6 |  17.6
        D:7 |    1154 |       0 |   0.0 |      21 |       0 |   0.0
        D:8 |    1032 |       0 |   0.0 |      15 |       0 |   0.0
       D:10 |    3424 |       2 |   0.1 |      22 |       1 |   4.3
       D:11 |    2940 |       0 |   0.0 |      12 |       0 |   0.0
       D:12 |    4209 |       0 |   0.0 |      18 |       0 |   0.0
       D:13 |    3701 |       0 |   0.0 |       9 |       0 |   0.0
       D:14 |    2970 |       0 |   0.0 |       5 |       0 |   0.0
      Orc:1 |    4666 |    8687 |  65.1 |      54 |      19 |  26.0
      Orc:2 |    4153 |   16083 |  79.5 |      35 |      39 |  52.7
    Ossuary |       0 |     312 | 100.0 |       0 |      37 | 100.0
     Bailey |       0 |    1609 | 100.0 |       0 |      28 | 100.0
      Arena |       0 |     200 | 100.0 |       0 |       1 | 100.0
            +---------+---------+-------+---------+---------+-------

Illustrated notes

Table legend:
 A = Kills in this place as a percentage of kills in the entire game.
 B = Kills by you in this place as a percentage of kills by you in the entire game.
 C = Kills by friends in this place as a percentage of kills by friends in the entire game.
 D = Other kills in this place as a percentage of other kills in the entire game.
 E = Experience gained in this place as a percentage of experience gained in the entire game.
 F = Experience gained in this place divided by the number of levels of this place that you have seen.
                   A       B       C       D       E      F
               +-------+-------+-------+-------+-------+----------------------
         Total | 100.0 | 100.0 |   N/A | 100.0 | 100.0 | 2953.6
       Dungeon |  54.3 |  54.5 |   N/A |  25.0 |  39.5 | 1797.1
  Orcish Mines |  31.5 |  31.2 |   N/A |  75.0 |  56.9 | 16794.5
       Ossuary |   7.9 |   8.0 |   N/A |   0.0 |   0.5 | 312.0
        Bailey |   6.0 |   6.1 |   N/A |   0.0 |   2.7 | 1609.0
         Arena |   0.2 |   0.2 |   N/A |   0.0 |   0.3 | 200.0
               +-------+-------+-------+-------+-------+----------------------

Table legend: (Time is in decaauts)
 A = Elapsed time spent in this place.
 B = Non-inter-level travel time spent in this place.
 C = Inter-level travel time spent in this place.
 D = Time resting spent in this place.
 E = Time spent auto-exploring this place.
 F = Levels seen in this place.
 G = Mean time per level.
                   A        B        C        D        E       F      G
               +--------+--------+--------+--------+--------+-----+--------+
         Total |  15330 |  14666 |    664 |   1249 |   9899 |  20 |  766.5 |
       Dungeon |  12331 |  11803 |    528 |    931 |   8601 |  13 |  948.5 |
        Temple |     18 |     18 |      0 |      0 |      0 |   1 |   18.0 |
  Orcish Mines |   2184 |   2048 |    136 |    318 |    929 |   2 | 1092.0 |
   Elven Halls |      1 |      1 |      0 |      0 |      0 |   1 |    1.0 |
       Ossuary |    425 |    425 |      0 |      0 |    198 |   1 |  425.0 |
        Bailey |    352 |    352 |      0 |      0 |    171 |   1 |  352.0 |
         Arena |     15 |     15 |      0 |      0 |      0 |   1 |   15.0 |
               +--------+--------+--------+--------+--------+-----+--------+

Top non-repeatable levels by time:
     D:6: 1620 daAuts
     D:5: 1491 daAuts
     D:4: 1289 daAuts
   Orc:2: 1253 daAuts
    D:12: 1201 daAuts
     D:3: 1146 daAuts
   Orc:1: 930 daAuts
    D:11: 838 daAuts
    D:10: 815 daAuts
     D:7: 744 daAuts
     D:1: 736 daAuts
    D:14: 695 daAuts
    D:13: 687 daAuts
     D:2: 549 daAuts
     D:8: 513 daAuts
